 Dungeon Crawl Stone Soup version 0.26.0-16-gc1dbca0489 (webtiles) character file.

Game seed: 8175974383261909634

1032 thiole the Sneak (level 8, -1/54 HPs)
             Began as an Octopode Hedge Wizard on Jan 19, 2021.
             Slain by an orc warrior
             ... wielding a +0 trident
              (14 damage)
             ... on level 6 of the Dungeon.
             The game lasted 00:15:00 (7697 turns).

thiole the Sneak (Octopode Hedge Wizard)            Turns: 7697, Time: 00:15:01

Health: -1/54      AC:  8    Str:  9    XL:     8   Next: 23%
Magic:  14/15      EV: 13    Int: 18    God:
Gold:   381        SH:  0    Dex: 12    Spells: 10/16 levels left

rFire    . . .     SeeInvis .   x - +4 flail (protect)
rCold    . . .     Faith    .   (no shield)
rNeg     . . .     Spirit   .   b - +0 hat
rPois    .         Reflect  .   (no amulet)
rElec    .         Harm     .   (no ring)
rCorr    .         Rampage  .   (no ring)
Will     .....                  (no ring)
Stlth    ++++......             (no ring)
HPRegen  0.18/turn              (no ring)
MPRegen  0.14/turn              (no ring)
                                (no ring)
                                (no ring)

@: protection aura
A: almost no armour, stealthy swim, amphibious, 8 rings, constrict 8, camouflage
1, gelatinous body 1
a: no special abilities


You were on level 6 of the Dungeon.
You visited 1 branch of the dungeon, and saw 6 of its levels.
You also visited: Sewer.

You collected 441 gold pieces.
You spent 60 gold pieces at shops.

Inventory:

Hand Weapons
 a - a +0 dagger
 l - a +2 dagger of electrocution
 v - a +1 falchion of protection
 x - a +4 flail of protection (weapon)
 C - a +4 quarterstaff of chaos
Missiles
 m - 89 stones
Armour
 b - a +0 hat (worn)
Magical Staves
 q - an uncursed staff of fire
Wands
 n - a wand of flame (19)
 y - a wand of digging (6)
Scrolls
 d - 6 scrolls of identify
 f - a scroll of enchant weapon {unknown}
 h - a scroll of enchant armour {unknown}
 j - 5 scrolls of remove curse {unknown}
 k - 10 scrolls of teleportation {unknown}
 p - 2 scrolls of magic mapping {unknown}
 r - a scroll of fear {unknown}
 t - 3 scrolls of noise {unknown}
 B - a scroll of amnesia {unknown}
 E - a scroll of vulnerability {unknown}
Potions
 c - 3 potions of flight {unknown}
 e - a potion of curing
 g - 2 potions of lignification {unknown}
 i - 2 potions of mutation {unknown}
 o - a potion of haste {unknown}
 s - a potion of attraction {unknown}
 u - 2 potions of might {unknown}
 w - a potion of brilliance {unknown}
 z - 3 potions of degeneration {unknown}
 A - 4 potions of ambrosia {unknown}
 D - 2 potions of invisibility {unknown}


   Skills:
 + Level 3.9 Fighting
 - Level 2.0 Dodging
 + Level 6.4 Stealth
 + Level 4.8 Spellcasting
 - Level 2.0 Conjurations
 - Level 2.0 Summonings
 - Level 1.0 Translocations
 + Level 3.0 Air Magic
 + Level 3.9 Poison Magic
 - Level 2.0 Evocations


You had 10 spell levels left.
You knew the following spells:

 Your Spells              Type           Power        Failure   Level
a - Magic Dart            Conj           44%          6%          1
b - Call Imp              Summ           11%          9%          2
c - Mephitic Cloud        Conj/Pois/Air  15%          12%         3

Your spell library contained the following spells:

 Spells                   Type           Power        Failure   Level
 Searing Ray              Conj           22%          9%          2
 Blink                    Tloc           N/A          14%         2
 Slow                     Hex            4%           21%         2
 Conjure Flame            Conj/Fire      7%           26%         3
 Dazzling Flash           Conj/Hex       14%          26%         3
 Iskenderun's Mystic Bla  Conj/Tloc      9%           58%         4
 Fulminant Prism          Conj/Hex       3%           65%         4


Dungeon Overview and Level Annotations

Branches:
Dungeon (6/15)              Sewer (visited)
 Temple: D:4-7

Altars:
Nemelex Xobeh
Vehumet

Shops:
D:4 *   D:5 *[!:(


Innate Abilities, Weirdness & Mutations

You cannot wear most types of armour.
You are very stealthy in the water. (Stealth+)
You are amphibious.
You can wear up to eight rings at the same time.
You can use your tentacles to constrict eight enemies at once.
Your skin changes colour to match your surroundings (Stealth+).
Your rubbery body absorbs attacks. (AC +1, EV +1)


Message History

Things that are here:
a +0 flail; a +0 ring mail; an orc corpse You sock the orc warrior!
Your grab misses the orc warrior.
The orc warrior is moderately wounded.
The orc warrior hits you with a +0 trident!!
You barely miss the orc warrior. Your grab misses the orc warrior.
The orc warrior is moderately wounded.
The orc warrior hits you with a +0 trident!
* * * LOW HITPOINT WARNING * * *
You feel better. The orc warrior closely misses you.
You thump the orc warrior! You grab the orc warrior.
The orc warrior is severely wounded.
You constrict the orc warrior, but do no damage.
The orc warrior hits you with a +0 trident.
* * * LOW HITPOINT WARNING * * *
You hit the orc warrior.
The orc warrior is severely wounded.
You constrict the orc warrior, but do no damage.
The orc warrior hits you with a +0 trident!
You die...

†.....# #.###.. #.#
..........
......... ........
.......# ....#..#
#.##### .#.##..##
#.oo@.# .#......#
#####.#
........##### #.#
#####.#.....#####.#
......#####.......#
####### #########


You could see an orc warrior and an orc.

Vanquished Creatures
  Edmund (D:4)
  An ice beast (D:5)
  A necrophage (D:6)
  A scorpion (D:4)
  A hound (D:5)
  Crazy Yiuf (D:5)
  A bullfrog skeleton (D:5)
  4 orc priests
  An iguana (D:4)
  5 orc wizards
  3 worker ants
  2 hound skeletons (D:4)
  2 adders (D:5)
  2 shadow imps
  A white imp (D:5)
  6 oozes
  6 worms
  2 dart slugs
  4 leopard geckos
  24 orcs
  4 ball pythons
  13 bats
  5 giant cockroaches
  3 goblins
  6 hobgoblins
  10 jackals
  9 kobolds
  3 quokkas
  8 frilled lizards
  A jackal skeleton (D:6)
  A leopard gecko skeleton (D:5)
  A leopard gecko zombie (D:6)
  A quokka skeleton (D:4)
  4 rats
138 creatures vanquished.

Vanquished Creatures (collateral kills)
  An orc wizard (D:5)
  An orc (D:5)
2 creatures vanquished.

Grand Total: 140 creatures vanquished

Notes
Turn   | Place    | Note
-------+----------+-------------------------------------------
     0 | D:1      | thiole the Octopode Hedge Wizard began the quest for the
                  | Orb.
     0 | D:1      | Reached XP level 1. HP: 11/11 MP: 4/4
   180 | D:1      | Reached XP level 2. HP: 17/17 MP: 4/6
  1315 | D:2      | Reached skill level 3 in Stealth
  1412 | D:2      | Reached XP level 3. HP: 22/22 MP: 1/7
  1520 | D:2      | Learned a level 2 spell: Call Imp
  1524 | D:2      | Learned a level 3 spell: Mephitic Cloud
  1698 | D:2      | Found a faded altar of an unknown god.
  2557 | D:3      | Reached skill level 1 in Fighting
  2741 | D:3      | Reached XP level 4. HP: 19/28 MP: 7/9
  2961 | D:3      | Noticed a sky beast
  3571 | D:4      | Found Wiurizxaon's General Store.
  3575 | D:4      | Reached skill level 4 in Stealth
  3575 | D:4      | Reached XP level 5. HP: 34/34 MP: 10/10
  3577 | D:4      | Bought a scroll of identify for 24 gold pieces
  3577 | D:4      | Bought a potion of curing for 36 gold pieces
  3624 | D:4      | Found a radiant altar of Vehumet.
  3902 | D:4      | Reached skill level 1 in Poison Magic
  3902 | D:4      | Reached skill level 1 in Evocations
  3902 | D:4      | Reached XP level 6. HP: 36/41 MP: 4/11
  4010 | D:4      | Reached skill level 1 in Air Magic
  4766 | D:4      | Reached skill level 5 in Stealth
  4770 | D:4      | Reached XP level 7. HP: 24/45 MP: 9/13
  5079 | D:4      | Noticed Edmund
  5103 | D:4      | Killed Edmund
  5368 | D:5      | Entered Level 5 of the Dungeon
  5378 | D:5      | Found Sobbietu's General Store.
  5493 | D:5      | Found Nuzopp's Antique Armour Emporium.
  5523 | D:5      | Found a runed translucent door.
  5524 | D:5      | Noticed Crazy Yiuf
  5555 | D:5      | Found Yseirol's Antique Weapon Boutique.
  5575 | D:5      | Found a sparkling altar of Nemelex Xobeh.
  5646 | D:5      | Found Romiem's Book Boutique.
  6199 | D:5      | Found Saxuf's Distillery.
  6211 | D:5      | Reached skill level 6 in Stealth
  6449 | D:5      | Killed Crazy Yiuf
  6450 | D:5      | Reached XP level 8. HP: 39/53 MP: 11/14
  6560 | D:6      | Found a glowing drain.
  6569 | Sewer    | Entered a sewer
  7697 | D:6      | Slain by an orc warrior

Illustrated notes

Levels and vault maps discovered:
D:1:      nicolae_arrival_washed_ashore, layout_basic
D:2:      layout_loops_corners, chequers_ecumenical_altar_simple_redux
D:3:      layout_loops_ring, nicolae_overflow_hidden_temple
D:4:      layout_loops_ring, serial_shops, shop,
          hangedman_abyss_or_decor_passed, kennysheep_decorative_pillar,
          chequers_serial_rivers_marsh, kennysheep_nub, vehumet_altar_wand_db,
          uniq_edmund
D:5:      layout_loops_ring, kennysheep_little_box, serial_shops, shop,
          nicolae_shop_behind_doors, shop_fountains, shop, nicolae_shop_trees,
          minmay_starry_boxes, uniq_crazy_yiuf_cottage
D:6:      layout_loops_cross, tso_metal_star, minmay_temple_entry_statues,
          gammafunk_ghost_hive, cheibrodos_sewer_entry_sluice

Skill      XL: |  1  2  3  4  5  6  7  8 |
---------------+-------------------------+-----
Stealth        | 3 4 5 6 |  6.4
Conjurations   | 2 |  2.0
Summonings     | 2 |  2.0
Fighting       | 1 2 3 |  3.9
Poison Magic   | 1 2 3 |  3.9
Evocations     | 1 2 |  2.0
Air Magic      | 1 2 3 |  3.0
Spellcasting   | 4 |  4.8
Dodging        | |  2.0
Translocations | |  1.0

Action                   |  1- 3 |  4- 6 |  7- 9 || total
-------------------------+-------+-------+-------++-------
Melee: Dagger            |    65 |    40 |       ||   105
       Constrict         |    19 |    11 |    19 ||    49
       Tentacles         |     8 |    12 |    15 ||    35
       Falchion          |       |     9 |    14 ||    23
       Flail             |       |       |    99 ||    99
 Cast: Magic Dart        |    83 |    75 |    67 ||   225
       Call Imp          |       |       |     9 ||     9
Evoke: Wand              |       |       |     1 ||     1
  Use: Scroll            |     1 |       |       ||     1
       Potion            |       |       |     2 ||     2
 Stab: Sleeping          |       |     2 |     4 ||     6
Armor: Skin              |     2 |     5 |    53 ||    60
Dodge: Dodged            |    47 |    24 |   102 ||   173
       Rpst.: Falchion   |       |     4 |     2 ||     6
